 Dungeon Crawl Stone Soup version 0.31.0-12-g77e489cdc1 (webtiles) character file.

Game seed: 10324825928924400492

8 Gadfly the Trooper (level 2, 24/24 HPs)
             Began as a Demonspawn Monk on Feb 12, 2024.
             Quit the game on level 2 of the Dungeon.
             The game lasted 00:01:21 (581 turns).

Gadfly the Trooper (Demonspawn Monk)                 Turns: 581, Time: 00:01:22

Health: 24/24      AC:  2    Str: 11    XL:     2   Next: 0%
Magic:  2/2        EV: 18    Int: 10    God:
Gold:   55         SH:  0    Dex: 15    Spells: 1/1 levels left

rFire   . .          .
                       - Unarmed
rCold   . . .        c - orb {light}
rNeg    . . .        a - +0 robe
rPois   .            (no helmet)
rElec   .            (no cloak)
rCorr   .            (no gloves)
SInv    .            (no boots)
Will    .....        l - amulet of faith
Stlth   +            j - +5 ring of evasion
HPRegen 0.24/turn    (no ring)
MPRegen 0.08/turn

%: faith
@: glowing
A: powered by pain 1
a: no special abilities


You were on level 2 of the Dungeon.
You visited 1 branch of the dungeon, and saw 2 of its levels.

You collected 55 gold pieces.

Inventory:

Armour
 a - a +0 robe (worn)
 c - an orb of light (worn)
Jewellery
 j - a +5 ring of evasion (left hand)
 l - an amulet of faith (around neck)
Scrolls
 h - a scroll of vulnerability
 k - a scroll of teleportation
Potions
 b - a potion of ambrosia
 d - a potion of heal wounds
 e - 2 potions of attraction
 g - a potion of degeneration {unknown}
 i - a potion of curing


   Skills:
 - Level 3.0 Fighting
 + Level 2.8 Dodging
 * Level 2.8 Unarmed Combat
 * Level 0.5 Evocations
 * Level 0.5 Shapeshifting


You had one spell level left.
You didn't know any spells.
Your spell library contained the following spells:

 Spells                   Type           Power      Damage    Failure   Level
 Blink                    Tloc           0%         N/A       50%         2
 Lesser Beckoning         Tloc           0%         N/A       50%         2
 Momentum Strike          Conj/Tloc      0%         3d8       50%         2


Dungeon Overview and Level Annotations

Branches:
Dungeon (2/15)

Altars:


Innate Abilities, Weirdness & Mutations

You sometimes gain a little power by taking damage.


Message History

Can't find anything matching that.
Unknown command.
Done exploring.
Done exploring.
There's nothing to open nearby.
There is a stone staircase leading down here.
You climb downwards.
The goblin shouts!
There is a stone staircase leading up here.
A goblin is nearby!
A goblin is nearby!
The goblin barely misses you.
You hit the goblin but do no damage. The goblin hits you with a +0 club.
You hit the goblin.
The goblin is moderately wounded.
The goblin hits you with a +0 club.
You hit the goblin.
You kill the goblin!
No target in view!
No target in view!
No target in view!
No target in view!
HP restored.
There is a stone staircase leading up here.
A rat comes into view.
The rat twitches its whiskers.
The rat misses you.
You hit the rat but do no damage. You hit the rat.
The rat is severely wounded.
The rat misses you.
You hit the rat.
You kill the rat!
You have reached level 2!
Your demonic ancestry asserts itself...
You feel energised by your suffering.
A dart slug comes into view.
The dart slug launches a dart at you. The slug dart misses you.
Are you sure you want to abandon this character and quit the game? (Confirm with "yes".)

##############
.............#
.w.....@..##.##
#########.#...##
.#####...#..####
#........###....#####
...####...#..##....<##
#.#...###..##..)
#.##.## #..#####
#.##.####..##
#.##.........


You could see a dart slug.

Vanquished Creatures
  An endoplasm (D:1)
  A hobgoblin (D:1)
  A frilled lizard (D:1)
  3 goblins
  A kobold (D:1)
  A rat (D:2)
8 creatures vanquished.

Notes
Turn   | Place    | Note
-------+----------+-------------------------------------------
     0 | D:1      | Gadfly the Demonspawn Monk began the quest for the Orb.
     0 | D:1      | Reached XP level 1. HP: 18/18 MP: 1/1
   563 | D:2      | Gained mutation: You sometimes gain a little power by
                  | taking damage. [demonic ancestry]
   563 | D:2      | Reached XP level 2. HP: 24/24 MP: 2/2
   581 | D:2      | Quit the game

Illustrated notes

Levels and vault maps discovered:
D:1:      wander_arrival_peaceful_grave, layout_rooms
D:2:      minmay_inner_zag, layout_loops_ring,
          ebering_ecumenical_altar_sacrificial, minmay_tetromino_s2,
          uniq_jessica, uniq_natasha

Action                     || total
---------------------------++-------
  Melee: Unarmed           ||    17
    Use: Scroll            ||     4
         Potion            ||     1
 Armour: Robe              ||     4
  Dodge: Dodged            ||    11
